cohdb
Replays
Latest Replays
All Replays
Popular Replays
Top Player Replays
Match Explorer
How It Works
Community
CoH3 Stats
Reddit
Sign in to upload your games and track your stats! →
Sign in with Steam
Match 42943148
Unlisted
Match 42943148
Overview
Messages
Build Orders
End
Construct Section Command Post
Infantry Section
Infantry Section
Grenade Package
Infantry Section
Selects Canadian Shock Battlegroup
Selects Incendiary Munitions
Construct Field Infirmary
Selects Attacking Spirit
Selects Canadian Shock Section
Canadian Shock Section
Construct Platoon Command Post
Humber Armored Car
CMP 15cwt Truck
6-pounder Anti-tank Gun Team
Selects Pyrotechnics
Construct Company Command Post
ML 3-inch Mortar Team
6-pounder Anti-tank Gun Team
Vickers Machine Gun Team
Selects Churchill Crocodile Heavy Tank
Churchill Crocodile Heavy Tank
BUBBA_ACTUAL
JollyRedRockett
WhyUSayOMG
Souk
Twin
Base rush noobs #
0
0
Comments
sign in to comment!
No comments posted yet!